[Event "ICC tourney 2329 (3 2)"]
[Site "Internet Chess Club"]
[Date "2021.01.22"]
[Round "2"]
[White "michaelxiao"]
[Black "Shakhmatova"]
[Result "1/2-1/2"]
[ICCResult "White stalemated"]
[WhiteElo "1336"]
[BlackElo "1756"]
[Opening "QP counter-gambit (elephant gambit)"]
[ECO "C40"]
[NIC "KP.10"]
[Time "22:13:49"]
[PlyCount "166"]
[TimeControl "180+2"]

1. e4 e5 2. Nf3 d5 3. exd5 e4 4. Nd4 Qxd5 5. Nb3 Nf6 6. Nc3 Qe6 7. Be2 c6
8. d4 exd3 9. Qxd3 Be7 10. Bf4 Nbd7 11. Bg3 O-O 12. O-O Rd8 13. Nd4 Nc5 14.
Nxe6 Rxd3 15. Bxd3 Nxe6 16. Ne4 Nd5 17. Bd6 Bd8 18. c4 Nb6 19. Rad1 f5 20.
Nc5 Nd4 21. Rfe1 Kf7 22. Be5 Ne6 23. Nxe6 Bxe6 24. b3 Nd7 25. Bd6 Bf6 26.
c5 Re8 27. Bc4 Bd5 28. Bxd5+ cxd5 29. Rxe8 Kxe8 30. Rxd5 g6 31. b4 Kf7 32.
b5 Ke6 33. Rd3 h5 34. c6 bxc6 35. bxc6 Nb6 36. c7 Nc8 37. Bg3 h4 38. Bf4 g5
39. Be3 f4 40. Bd4 Be7 41. g3 Bd6 42. gxh4 gxh4 43. Rh3 Be7 44. Rf3 Bd6 45.
Bc3 Bxc7 46. Bd2 Kf5 47. Kg2 Ne7 48. Kh3 Ng6 49. Ra3 Bb6 50. Ba5 Bxf2 51.
Bc7 Bd4 52. Ra5+ Ke4 53. Rg5 Ne7 54. Rg4 Be3 55. Kxh4 Nf5+ 56. Kg5 Nd4 57.
Bxf4 Ne6+ 58. Kf6 Nxf4 59. h4 Bd4+ 60. Kg5 Be3 61. h5 Kf3 62. Kf6 Nxh5+ 63.
Ke5 Kxg4 64. Ke4 Bb6 65. Kd5 Ng3 66. Kc6 Kf4 67. Kb7 Ke4 68. a4 Kd4 69. Ka6
Ne4 70. a5 Nc5+ 71. Kb5 Bd8 72. a6 Bb6 73. Kb4 Nxa6+ 74. Ka3 Kc4 75. Kb2
Nb4 76. Ka1 Bd4+ 77. Kb1 a5 78. Kc1 a4 79. Kb1 a3 80. Kc1 a2 81. Kd2 a1=Q
82. Ke2 Qc3 83. Kf1 Qd2 { White stalemated } 1/2-1/2

[Event "ICC tourney 2329 (3 2)"]
[Site "Internet Chess Club"]
[Date "2021.01.22"]
[Round "3"]
[White "PearsonH"]
[Black "michaelxiao"]
[Result "0-1"]
[ICCResult "White resigns"]
[WhiteElo "1752"]
[BlackElo "1336"]
[Opening "French: King's Indian attack"]
[ECO "A00"]
[NIC "FR.02"]
[Time "22:25:24"]
[PlyCount "38"]
[TimeControl "180+2"]

1. d3 e6 2. e4 d5 3. Nd2 dxe4 4. dxe4 e5 5. Ngf3 Nc6 6. Bc4 Bc5 7. O-O Nf6
8. b3 O-O 9. Bb2 Bd4 10. Nxd4 Nxd4 11. f4 exf4 12. Rxf4 Ne6 13. Rf1 Nd7 14.
Bxe6 fxe6 15. Qg4 Nf6 16. Nc4 Nxg4 17. Rxf8+ Qxf8 18. Rf1 Qc5+ 19. Kh1 Nf2+
{ White resigns } 0-1

[Event "ICC tourney 2329 (3 2)"]
[Site "Internet Chess Club"]
[Date "2021.01.22"]
[Round "3"]
[White "Drachekokosnuss"]
[Black "woochess"]
[Result "0-1"]
[ICCResult "White checkmated"]
[WhiteElo "2100"]
[BlackElo "2595"]
[Opening "Sicilian: Taimanov variation"]
[ECO "B45"]
[NIC "SI.31"]
[Time "22:25:11"]
[PlyCount "50"]
[TimeControl "180+2"]

1. e4 c5 2. Nf3 Nc6 3. Nc3 e6 4. d4 cxd4 5. Nxd4 Nf6 6. Bg5 Qa5 7. Bxf6
gxf6 8. Nxc6 bxc6 9. Bd3 Rb8 10. Rb1 Rxb2 11. Qd2 Bb4 12. Rxb2 Bxc3 13. Rb8
Bxd2+ 14. Ke2 Ke7 15. Rhb1 Bf4 16. Rd1 Bxb8 17. Kf1 Qxa2 18. Kg1 a5 19. Kh1
a4 20. Rg1 a3 21. c4 Qb2 22. c5 a2 23. Bf1 a1=Q 24. e5 Qxe5 25. Bc4 Qxh2# {
White checkmated } 0-1

[Event "ICC tourney 2329 (3 2)"]
[Site "Internet Chess Club"]
[Date "2021.01.22"]
[Round "3"]
[White "BMWHero"]
[Black "hackerguru"]
[Result "1-0"]
[ICCResult "Black resigns"]
[WhiteElo "2580"]
[BlackElo "1750"]
[Opening "Sicilian: Nimzovich-Rossolimo attack (with ...g6, without ...d6)"]
[ECO "B31"]
[NIC "SI.31"]
[Time "22:25:12"]
[PlyCount "67"]
[TimeControl "180+2"]

1. e4 c5 2. Nf3 Nc6 3. Bb5 g6 4. Bxc6 dxc6 5. d3 Nf6 6. h3 Nd7 7. e5 Bg7 8.
Qe2 Nb6 9. O-O O-O 10. Be3 Nd7 11. Bf4 e6 12. Nc3 b6 13. Ne4 f6 14. exf6
Nxf6 15. Bg5 Qd7 16. Ne5 Qc7 17. Nxf6+ Bxf6 18. Bxf6 Rxf6 19. Rae1 Ba6 20.
b3 Raf8 21. Ng4 R6f7 22. Nh6+ Kg7 23. Nxf7 Rxf7 24. Qxe6 Bc8 25. Qe5+ Qxe5
26. Rxe5 Ba6 27. Rfe1 b5 28. Re7 c4 29. dxc4 bxc4 30. R1e6 cxb3 31. axb3
Bb5 32. c4 Ba6 33. Rxf7+ Kxf7 34. Rxc6 { Black resigns } 1-0

[Event "ICC tourney 2329 (3 2)"]
[Site "Internet Chess Club"]
[Date "2021.01.22"]
[Round "3"]
[White "Kokosnuss1000"]
[Black "baldwinsthename"]
[Result "0-1"]
[ICCResult "White checkmated"]
[WhiteElo "1650"]
[BlackElo "1272"]
[Opening "Sicilian defense"]
[ECO "B27"]
[NIC "SI.43"]
[Time "22:25:17"]
[PlyCount "70"]
[TimeControl "180+2"]

1. e4 c5 2. Nf3 d5 3. d4 dxe4 4. Bb5+ Nc6 5. d5 exf3 6. dxc6 Qxd1+ 7. Kxd1
Kd8 8. gxf3 a6 9. cxb7 Bxb7 10. Ba4 Bxf3+ 11. Ke1 Bxh1 12. Nc3 e6 13. Bg5+
Be7 14. Bxe7+ Nxe7 15. Ke2 Nf5 16. Rxh1 Ke7 17. Bc6 Rab8 18. Na4 Nd4+ 19.
Kd3 Nxc6 20. Nxc5 Rxb2 21. Rd1 Rxa2 22. Ke3 Rd8 23. Rb1 Kf6 24. Ne4+ Kg6
25. Rg1+ Kh6 26. f4 Rxc2 27. Rg5 g6 28. Ng3 Nd4 29. Rg4 Nf5+ 30. Kf3 Rc3+
31. Kf2 Rd2+ 32. Kg1 Rc1+ 33. Nf1 Ne3 34. Rh4+ Kg7 35. f5 Rxf1# { White
checkmated } 0-1

[Event "ICC tourney 2329 (3 2)"]
[Site "Internet Chess Club"]
[Date "2021.01.22"]
[Round "3"]
[White "Shakhmatova"]
[Black "JamesS"]
[Result "1-0"]
[ICCResult "Black resigns"]
[WhiteElo "1756"]
[BlackElo "1364"]
[Opening "Caro-Kann defense"]
[ECO "B11"]
[NIC "CK.01"]
[Time "22:25:20"]
[PlyCount "51"]
[TimeControl "180+2"]

1. e4 c6 2. Nc3 d5 3. exd5 cxd5 4. d4 Nc6 5. Nf3 Bg4 6. Be2 Nf6 7. h3 Bf5
8. Nh4 Bg6 9. Bf3 e6 10. Be3 Bb4 11. O-O Ne4 12. Nxg6 hxg6 13. Nxe4 dxe4
14. Bxe4 Ne7 15. c3 Bd6 16. Bxb7 Rb8 17. Qa4+ Kf8 18. Qxa7 Bc7 19. d5 Qd6
20. f4 Kg8 21. dxe6 Nf5 22. exf7+ Kf8 23. Bc5 Rxb7 24. Bxd6+ Nxd6 25. Qa8+
Rb8 26. Qa3 { Black resigns } 1-0

[Event "ICC tourney 2329 (3 2)"]
[Site "Internet Chess Club"]
[Date "2021.01.22"]
[Round "3"]
[White "GGuseinov"]
[Black "ZYCON"]
[Result "1-0"]
[ICCResult "Black checkmated"]
[WhiteElo "2715"]
[BlackElo "1385"]
[Opening "Sicilian: closed"]
[ECO "B23"]
[NIC "SI.44"]
[Time "22:25:17"]
[PlyCount "57"]
[TimeControl "180+2"]

1. e4 c5 2. Nc3 d6 3. Bb5+ Nc6 4. Bxc6+ bxc6 5. f4 Nf6 6. Nf3 g6 7. O-O Bg7
8. d3 O-O 9. Qe1 Bg4 10. Nh4 Rb8 11. f5 gxf5 12. exf5 Rb4 13. a3 Rb7 14. h3
Bh5 15. g4 Nxg4 16. hxg4 Bd4+ 17. Kh1 Bxg4 18. Bh6 Bg7 19. Qe3 f6 20. Rg1
Rf7 21. Rxg4 Rxb2 22. Rag1 Qf8 23. Rxg7+ Rxg7 24. Bxg7 Qxg7 25. Rxg7+ Kxg7
26. Qxe7+ Kh6 27. Qxf6+ Kh5 28. Nf3 Rxc2 29. Qg5# { Black checkmated } 1-0

[Event "ICC tourney 2329 (3 2)"]
[Site "Internet Chess Club"]
[Date "2021.01.22"]
[Round "3"]
[White "Kinawa"]
[Black "ConnorGo"]
[Result "1-0"]
[ICCResult "Black resigns"]
[WhiteElo "1535"]
[BlackElo "1145"]
[Opening "King's pawn opening"]
[ECO "B07"]
[NIC "VO.17"]
[Time "22:25:19"]
[PlyCount "97"]
[TimeControl "180+2"]

1. e4 d6 2. d4 g6 3. f4 Bg7 4. Nf3 Bg4 5. Be2 Nc6 6. Nc3 Bxf3 7. Bxf3 Nxd4
8. O-O Nxf3+ 9. Qxf3 e6 10. Be3 Ne7 11. e5 d5 12. Ne2 O-O 13. Nd4 c5 14.
Nb5 d4 15. Bd2 a6 16. Nd6 Rb8 17. Nxb7 Qb6 18. Nd6 Nf5 19. b3 Nxd6 20. exd6
Qxd6 21. g4 f5 22. gxf5 exf5 23. Rfe1 d3 24. c3 Qb6 25. c4 Bxa1 26. Rxa1
Qf6 27. Re1 Rbe8 28. Qxd3 Rxe1+ 29. Bxe1 Qd4+ 30. Qxd4 cxd4 31. Kf2 Rd8 32.
Ke2 d3+ 33. Kd2 Kf7 34. Bf2 Ke6 35. Be3 Kf6 36. h4 h5 37. Bb6 Ke6 38. Bxd8
Kd7 39. Ba5 Kc6 40. Kxd3 g5 41. hxg5 h4 42. Be1 h3 43. Bg3 Kd7 44. b4 Ke7
45. a4 Kf7 46. b5 Kg6 47. b6 Kh5 48. Ke3 Kg4 49. Kf2 { Black resigns } 1-0

[Event "ICC tourney 2329 (3 2)"]
[Site "Internet Chess Club"]
[Date "2021.01.22"]
[Round "3"]
[White "Zapateado"]
[Black "ved2006"]
[Result "1-0"]
[ICCResult "Black checkmated"]
[WhiteElo "1908"]
[BlackElo "1686"]
[Opening "Caro-Kann: anti-Caro-Kann defense"]
[ECO "A11"]
[NIC "EO.64"]
[Time "22:25:31"]
[PlyCount "51"]
[TimeControl "180+2"]

1. c4 c6 2. e4 Nf6 3. e5 Ng8 4. d4 d6 5. f4 Bf5 6. Nf3 f6 7. Bd3 Bxd3 8.
Qxd3 dxe5 9. fxe5 fxe5 10. Nxe5 Nf6 11. Nc3 Nbd7 12. Nf3 g6 13. Bf4 Bg7 14.
O-O-O O-O 15. Qd2 Nb6 16. b3 Ng4 17. h3 Nf2 18. Qxf2 Rxf4 19. Qe3 Rf8 20.
Kb1 Qc7 21. Qe6+ Kh8 22. Ng5 Qd7 23. Nf7+ Kg8 24. Nh6+ Kh8 25. Qg8+ Rxg8
26. Nf7# { Black checkmated } 1-0

[Event "ICC tourney 2329 (3 2)"]
[Site "Internet Chess Club"]
[Date "2021.01.22"]
[Round "3"]
[White "InfernoKing"]
[Black "BreatheChessAls"]
[Result "0-1"]
[ICCResult "White checkmated"]
[WhiteElo "2133"]
[BlackElo "1915"]
[Opening "Sicilian: Labourdonnais-Löwenthal (Kalashnikov) variation"]
[ECO "B32"]
[NIC "SI.32"]
[Time "22:25:10"]
[PlyCount "116"]
[TimeControl "180+2"]

1. e4 c5 2. Nf3 Nc6 3. d4 cxd4 4. Nxd4 e5 5. Nb5 d6 6. N1c3 a6 7. Na3 Be7
8. Nd5 Nf6 9. c4 Nxd5 10. cxd5 Nb8 11. Nc4 Nd7 12. Bd3 O-O 13. O-O Nc5 14.
b4 Nxd3 15. Qxd3 b5 16. Na5 Bd7 17. Be3 Rc8 18. Rac1 f5 19. Nb7 Qe8 20. a4
bxa4 21. Qxa6 Bb5 22. Nxd6 Bxa6 23. Nxe8 Rcxe8 24. Rfd1 Bxb4 25. Rc6 Be2
26. Rb1 Rb8 27. exf5 a3 28. Rb6 Rxb6 29. Bxb6 a2 30. Ra1 Rb8 31. Bc7 Ra8
32. Bxe5 Bc4 33. Rc1 Bxd5 34. h3 Re8 35. f4 Bf7 36. Kh2 Be7 37. g4 Bf6 38.
Bxf6 gxf6 39. g5 fxg5 40. fxg5 Ra8 41. Ra1 Rb8 42. g6 hxg6 43. fxg6 Bb3 44.
Kg3 Rd8 45. h4 Rd1 46. Rxa2 Bxa2 47. h5 Kg7 48. Kg4 Rd4+ 49. Kg5 Rd5+ 50.
Kg4 Kh6 51. g7 Rg5+ 52. Kh4 Rxg7 53. Kh3 Kxh5 54. Kh2 Kg4 55. Kh1 Kf3 56.
Kh2 Bd5 57. Kh1 Kf2+ 58. Kh2 Rh7# { White checkmated } 0-1

[Event "ICC tourney 2329 (3 2)"]
[Site "Internet Chess Club"]
[Date "2021.01.22"]
[Round "3"]
[White "stephenwilly"]
[Black "Gnanathan"]
[Result "1-0"]
[ICCResult "Black forfeits on time"]
[WhiteElo "1460"]
[BlackElo "1101"]
[Opening "Sicilian defense"]
[ECO "B20"]
[NIC "SI.48"]
[Time "22:26:04"]
[PlyCount "55"]
[TimeControl "180+2"]

1. e4 c5 2. c4 Nc6 3. Nf3 e5 4. b3 Nf6 5. Nc3 g6 6. Bb2 Bg7 7. d3 d6 8. h3
a6 9. a4 O-O 10. Be2 Be6 11. Ng5 h6 12. Nxe6 fxe6 13. Bg4 Re8 14. O-O d5
15. Bxe6+ Rxe6 16. cxd5 Rd6 17. dxc6 Rxd3 18. cxb7 Rxd1 19. Raxd1 Qb8 20.
bxa8=Q Qxa8 21. Nd5 Nxd5 22. exd5 Qb7 23. d6 Qd7 24. Rfe1 Kf7 25. Bxe5 Bf8
26. Bg3 g5 27. Re3 h5 28. f4 { Black forfeits on time } 1-0

[Event "ICC tourney 2329 (3 2)"]
[Site "Internet Chess Club"]
[Date "2021.01.22"]
[Round "3"]
[White "sarvadh"]
[Black "clair"]
[Result "0-1"]
[ICCResult "White forfeits on time"]
[WhiteElo "2250"]
[BlackElo "1681"]
[Opening "Robatsch defense"]
[ECO "B06"]
[NIC "KF.05"]
[Time "22:25:10"]
[PlyCount "60"]
[TimeControl "180+2"]

1. e4 g6 2. d4 Bg7 3. Nc3 e6 4. f4 Ne7 5. Nf3 d5 6. e5 b6 7. Be3 Ba6 8. Bd3
Bxd3 9. Qxd3 Nd7 10. O-O O-O 11. Bf2 c5 12. Ne2 Rc8 13. c3 f6 14. Bh4 fxe5
15. fxe5 Qe8 16. g4 Nc6 17. Ng5 cxd4 18. cxd4 Nb4 19. Rxf8+ Bxf8 20. Qf3 h6
21. Nh3 Qf7 22. Qxf7+ Kxf7 23. a3 Nc2 24. Rc1 b5 25. Nf2 Nb6 26. Nd3 Ne3
27. Rxc8 Nxc8 28. b3 Nxg4 29. h3 Ne3 30. Kf2 Nf5 { White forfeits on time }
0-1

[Event "ICC tourney 2329 (3 2)"]
[Site "Internet Chess Club"]
[Date "2021.01.22"]
[Round "3"]
[White "hggonzalezzss"]
[Black "muzikmixer"]
[Result "0-1"]
[ICCResult "White checkmated"]
[WhiteElo "1776"]
[BlackElo "1633"]
[Opening "King's pawn opening"]
[ECO "B07"]
[NIC "VO.17"]
[Time "22:25:20"]
[PlyCount "64"]
[TimeControl "180+2"]

1. e4 d6 2. Nc3 Nf6 3. Bc4 c6 4. Nge2 b5 5. Bb3 b4 6. Nb1 Nxe4 7. d3 Nf6 8.
Bg5 e5 9. O-O Be7 10. Nd2 O-O 11. f4 h6 12. Bh4 exf4 13. Nxf4 g5 14. Nh5
gxh4 15. Nxf6+ Bxf6 16. Qh5 d5 17. Qxh6 Bg5 18. Qh5 Be6 19. Nf3 Bf6 20.
Rae1 Kg7 21. Ne5 Rh8 22. Qe2 Nd7 23. Nxc6 Qb6+ 24. Kh1 Qxc6 25. c3 h3 26.
d4 hxg2+ 27. Qxg2+ Kf8 28. Qe2 Qd6 29. Ba4 Ke7 30. c4 Rxh2+ 31. Kg1 Rg8+
32. Qg2 Rgxg2# { White checkmated } 0-1

[Event "ICC tourney 2329 (3 2)"]
[Site "Internet Chess Club"]
[Date "2021.01.22"]
[Round "3"]
[White "Kyle45"]
[Black "yogokings12"]
[Result "0-1"]
[ICCResult "White checkmated"]
[WhiteElo "1100"]
[BlackElo "1573"]
[Opening "Sicilian"]
[ECO "B50"]
[NIC "SI.01"]
[Time "22:25:08"]
[PlyCount "110"]
[TimeControl "180+2"]

1. e4 c5 2. Nf3 d6 3. Nc3 Nf6 4. d3 g6 5. Be3 Bg7 6. Qd2 Ng4 7. h3 Nxe3 8.
fxe3 Nc6 9. Be2 O-O 10. O-O e6 11. Rad1 Qb6 12. b3 Qb4 13. Nb1 Qxd2 14.
Nbxd2 Nb4 15. Nc4 d5 16. exd5 exd5 17. Nce5 Nxc2 18. Kf2 d4 19. exd4 Nxd4
20. Nxd4 Bxe5 21. Nf3 Bg7 22. Rc1 b6 23. Rfd1 Bb7 24. Nd2 Bd4+ 25. Kg3 Rfe8
26. Bf3 Bxf3 27. Nxf3 Be3 28. Rc2 Rad8 29. Re1 Bh6 30. Rd1 Bg7 31. Rc4 Rd7
32. Rg4 Red8 33. Ne1 h5 34. Re4 Rd4 35. Re3 R4d5 36. Kf3 Bd4 37. Re4 Bc3
38. Ke3 Bxe1 39. Rxe1 Rxd3+ 40. Kf4 R8d4 41. Kg5 Rxe4 42. Rxe4 Kg7 43. Re7
Rd2 44. Rxa7 Rxg2+ 45. Kf4 Rb2 46. Ra6 b5 47. Rb6 Rxa2 48. Rxb5 Rb2 49. h4
Kf6 50. Rxc5 Rxb3 51. Rc6+ Kg7 52. Rc7 Rb6 53. Kg5 Rb5+ 54. Kf4 Rb4+ 55.
Kg5 Rg4# { White checkmated } 0-1

[Event "ICC tourney 2329 (3 2)"]
[Site "Internet Chess Club"]
[Date "2021.01.22"]
[Round "3"]
[White "Goran21"]
[Black "Assured"]
[Result "0-1"]
[ICCResult "White resigns"]
[WhiteElo "2008"]
[BlackElo "2577"]
[Opening "Nimzo-Indian: three knights variation"]
[ECO "E21"]
[NIC "NI.26"]
[Time "22:25:19"]
[PlyCount "86"]
[TimeControl "180+2"]

1. c4 Nf6 2. Nc3 e6 3. d4 Bb4 4. Nf3 b6 5. a3 Bxc3+ 6. bxc3 Bb7 7. Bg5 d6
8. Nd2 Nbd7 9. f3 h6 10. Bh4 Qe7 11. e4 e5 12. Bd3 c5 13. Nb3 g5 14. Bf2
Rg8 15. h3 h5 16. Rb1 Rb8 17. Nc1 h4 18. Nb3 Nh5 19. Bf1 Nf4 20. Nc1 Bc6
21. Be3 Nf8 22. Nd3 N8g6 23. Nf2 Kf8 24. Ng4 Kg7 25. d5 Bd7 26. Bf2 Bxg4
27. hxg4 Qd7 28. Rg1 a6 29. Kd2 b5 30. Qc2 Rb7 31. Bd3 Rgb8 32. cxb5 axb5
33. c4 Nxd3 34. Qxd3 bxc4 35. Rxb7 Qxb7 36. Qxc4 Qb2+ 37. Qc2 Qxa3 38. Rb1
Rb4 39. Be3 Qa5 40. Ke2 Qb5+ 41. Qd3 Qxd3+ 42. Kxd3 Rxb1 43. Bxg5 Rb2 {
White resigns } 0-1

[Event "ICC tourney 2329 (3 2)"]
[Site "Internet Chess Club"]
[Date "2021.01.22"]
[Round "3"]
[White "HR2005"]
[Black "Purushottam123"]
[Result "1-0"]
[ICCResult "Black checkmated"]
[WhiteElo "2041"]
[BlackElo "1700"]
[Opening "Sicilian: dragon, 6.Be3"]
[ECO "B72"]
[NIC "SI.15"]
[Time "22:25:25"]
[PlyCount "81"]
[TimeControl "180+2"]

1. e4 c5 2. Nf3 d6 3. d4 cxd4 4. Nxd4 Nf6 5. Nc3 g6 6. Be3 a6 7. f3 b5 8.
Qd2 Bb7 9. O-O-O Nbd7 10. Kb1 b4 11. Na4 Qa5 12. b3 e5 13. Ne2 d5 14. exd5
Nxd5 15. Bf2 Rc8 16. c4 bxc3 17. Nexc3 Nxc3+ 18. Nxc3 Rc7 19. Bc4 Bb4 20.
Rc1 O-O 21. Qe3 Rfc8 22. Ne4 Kg7 23. h4 Bxe4+ 24. Qxe4 Nf6 25. Qd3 Rd7 26.
Qf1 Rd2 27. a4 Bc3 28. Rc2 Qb4 29. Rxd2 Bxd2 30. Ka2 Qc3 31. Qd3 Qb4 32. h5
Nxh5 33. g4 Nf4 34. Qe4 Rd8 35. Qxe5+ Kg8 36. Bd4 Rxd4 37. Qxd4 Ne6 38. Qe4
Nc5 39. Qe8+ Kg7 40. Qxf7+ Kh8 41. Qg8# { Black checkmated } 1-0

[Event "ICC tourney 2329 (3 2)"]
[Site "Internet Chess Club"]
[Date "2021.01.22"]
[Round "3"]
[White "MChessy"]
[Black "Fuydestroyer"]
[Result "1-0"]
[ICCResult "Black checkmated"]
[WhiteElo "1950"]
[BlackElo "129"]
[Opening "Sicilian: dragon, 6.Be3"]
[ECO "B72"]
[NIC "SI.16"]
[Time "22:25:11"]
[PlyCount "153"]
[TimeControl "180+2"]

1. e4 c5 2. Nf3 d6 3. d4 cxd4 4. Nxd4 Nf6 5. Nc3 g6 6. Be3 Bg7 7. Qd2 O-O
8. O-O-O Nc6 9. f4 Bd7 10. f5 Ne5 11. h4 Rc8 12. fxg6 fxg6 13. h5 gxh5 14.
Be2 Bg4 15. Bxg4 Nfxg4 16. Ne6 Qa5 17. Nxf8 Rxf8 18. Bh6 Bxh6 19. Qxh6 Nxh6
20. Rxh5 Rf6 21. Nd5 Re6 22. a3 Nc4 23. Nxe7+ Rxe7 24. Rxa5 Nxa5 25. Rxd6
Kg7 26. Rd5 Nc6 27. Rg5+ Kh8 28. Rh5 Nf7 29. Rh4 Nce5 30. Kd2 Ng6 31. Rg4
Rd7+ 32. Ke3 Nfe5 33. Rg5 Nc4+ 34. Kf3 Nce5+ 35. Ke2 Nc4 36. b3 Nd6 37. Rd5
Rd8 38. e5 Nxe5 39. Rxe5 Re8 40. Rxe8+ Nxe8 41. Kd3 Kg7 42. Kd4 Kf7 43. Kd5
Ke7 44. c4 Nc7+ 45. Ke5 b6 46. Kf5 Kf7 47. Ke5 h6 48. g4 Kg7 49. Kd6 Na6
50. b4 Kg6 51. Kc6 Nb8+ 52. Kc7 Na6+ 53. Kb7 Kg5 54. Kxa6 Kxg4 55. c5 h5
56. c6 h4 57. c7 h3 58. c8=Q+ Kg3 59. Qc3+ Kg2 60. Qd2+ Kg3 61. Qe3+ Kg2
62. Qg5+ Kf3 63. Qg1 Kf4 64. Qh2+ Kg4 65. Kxa7 Kh4 66. Kxb6 Kg4 67. a4 Kh4
68. a5 Kg4 69. a6 Kh4 70. a7 Kg4 71. a8=Q Kh4 72. Qh8+ Kg4 73. Q8xh3+ Kg5
74. Q3g3+ Kf6 75. Qhf2+ Ke6 76. Qge3+ Kd6 77. Qfd2# { Black checkmated }
1-0

[Event "ICC tourney 2329 (3 2)"]
[Site "Internet Chess Club"]
[Date "2021.01.22"]
[Round "3"]
[White "yuanbao2007"]
[Black "Ben2008"]
[Result "1-0"]
[ICCResult "Black checkmated"]
[WhiteElo "1664"]
[BlackElo "1900"]
[Opening "QGD: classical variation (5.Bf4)"]
[ECO "D37"]
[NIC "QO.04"]
[Time "22:25:14"]
[PlyCount "93"]
[TimeControl "180+2"]

1. d4 d5 2. Nf3 Nf6 3. c4 e6 4. Nc3 Be7 5. Bf4 O-O 6. e3 b6 7. cxd5 exd5 8.
Bd3 Bb7 9. h3 Nbd7 10. O-O Ne4 11. Nd2 f5 12. f3 Nxc3 13. bxc3 Nf6 14. Qc2
g6 15. Rae1 c5 16. Be5 Bd6 17. c4 Bxe5 18. dxe5 Nd7 19. f4 d4 20. Nf3 dxe3
21. Rxe3 Re8 22. Rd1 Qc7 23. Be2 Rad8 24. Red3 Be4 25. Qc3 Bxd3 26. Bxd3
Nb8 27. Nd2 Nc6 28. Nf1 Nb4 29. Ne3 Re7 30. Qb3 Nxd3 31. Rxd3 Rxd3 32. Qxd3
Qc8 33. Nd5 Re6 34. Nf6+ Kg7 35. Qd5 Re7 36. g4 fxg4 37. hxg4 Rf7 38. f5
gxf5 39. Nh5+ Kg6 40. e6 Rf8 41. Nf4+ Kg5 42. Qe5 Qb7 43. e7 Re8 44. Qxf5+
Kh6 45. Qh5+ Kg7 46. Qxe8 Qf3 47. Qf8# { Black checkmated } 1-0

[Event "ICC tourney 2329 (3 2)"]
[Site "Internet Chess Club"]
[Date "2021.01.22"]
[Round "3"]
[White "Ayushb"]
[Black "al68067"]
[Result "1-0"]
[ICCResult "Black forfeits on time"]
[WhiteElo "1769"]
[BlackElo "1155"]
[Opening "Scandinavian (center counter) defense"]
[ECO "B01"]
[NIC "VO.17"]
[Time "22:25:22"]
[PlyCount "71"]
[TimeControl "180+2"]

1. e4 d5 2. exd5 Qxd5 3. d4 c6 4. c4 Qa5+ 5. Bd2 Qc7 6. Nc3 Nf6 7. Nf3 Bg4
8. Be2 e6 9. O-O Bd6 10. h3 Bh5 11. Qb3 O-O 12. Rfe1 Nbd7 13. Ng5 Bxe2 14.
Rxe2 h6 15. Nge4 Nxe4 16. Nxe4 Rab8 17. Rd1 Bf4 18. c5 Bxd2 19. Rexd2 Rfd8
20. Nd6 Nf6 21. Qf3 Qa5 22. a3 Rd7 23. b4 Qc7 24. a4 Rbd8 25. b5 cxb5 26.
axb5 b6 27. Qa3 bxc5 28. dxc5 Nd5 29. Nc4 Kh8 30. c6 Re7 31. Ne3 Qb6 32.
Nxd5 exd5 33. Qxe7 f6 34. c7 Rc8 35. Rc1 d4 36. Re2 { Black forfeits on
time } 1-0

[Event "ICC tourney 2329 (3 2)"]
[Site "Internet Chess Club"]
[Date "2021.01.22"]
[Round "3"]
[White "ChiefDas"]
[Black "marinaxiao"]
[Result "0-1"]
[ICCResult "White forfeits on time"]
[WhiteElo "1857"]
[BlackElo "1496"]
[Opening "Sicilian: Sveshnikov variation"]
[ECO "B33"]
[NIC "SI.38"]
[Time "22:25:28"]
[PlyCount "78"]
[TimeControl "180+2"]

1. e4 c5 2. Nf3 Nc6 3. d4 cxd4 4. Nxd4 Nf6 5. Nc3 e5 6. Ndb5 d6 7. Bg5 a6
8. Na3 b5 9. Bxf6 gxf6 10. Nd5 f5 11. Bd3 Be6 12. c3 Bg7 13. Nc2 O-O 14.
O-O Rc8 15. a4 bxa4 16. Rxa4 a5 17. Nce3 f4 18. Nf5 Qg5 19. b4 axb4 20.
cxb4 Bxf5 21. exf5 Nd4 22. Ra6 f3 23. Ne3 fxg2 24. Nxg2 Nxf5 25. Bxf5 Qxf5
26. Rxd6 Rb8 27. Qd2 Qg4 28. Rb1 f5 29. b5 f4 30. Qd5+ Kh8 31. Kh1 f3 32.
Ne3 Qh4 33. Qd2 e4 34. Rd7 Be5 35. Ng4 Qxg4 36. Rg1 Qh4 37. Rg3 Bxg3 38.
fxg3 Qf6 39. Qe3 f2 { White forfeits on time } 0-1

[Event "ICC tourney 2329 (3 2)"]
[Site "Internet Chess Club"]
[Date "2021.01.22"]
[Round "3"]
[White "ASharikov"]
[Black "Openyagami"]
[Result "0-1"]
[ICCResult "White forfeits on time"]
[WhiteElo "2281"]
[BlackElo "2606"]
[Opening "King's Indian: Torre attack"]
[ECO "A48"]
[NIC "QP.01"]
[Time "22:25:11"]
[PlyCount "88"]
[TimeControl "180+2"]

1. d4 Nf6 2. Nf3 g6 3. Bg5 Bg7 4. Nbd2 O-O 5. e4 d6 6. c3 Nbd7 7. Be2 c6 8.
O-O Qc7 9. a4 a5 10. Re1 e5 11. dxe5 dxe5 12. Qc2 h6 13. Bh4 Nh5 14. Bg3
Nxg3 15. hxg3 Rd8 16. Nc4 Nc5 17. Rad1 Be6 18. Rxd8+ Rxd8 19. Rd1 Rxd1+ 20.
Qxd1 Nxe4 21. Qd3 Nc5 22. Qc2 e4 23. Nd4 Bd5 24. Ne3 Qd8 25. Nxd5 Qxd5 26.
b4 Bxd4 27. cxd4 Ne6 28. bxa5 Nxd4 29. Qd1 Kg7 30. Kf1 Qe5 31. Qb1 e3 32.
Qxb7 exf2 33. Qb2 c5 34. a6 Qe7 35. Kxf2 Qf6+ 36. Bf3 Qxa6 37. Qa3 Qa5 38.
Kg1 h5 39. Bd5 Qe1+ 40. Kh2 Ne2 41. Qe3 h4 42. Qe5+ Kh7 43. Bxf7 hxg3+ 44.
Kh3 Ng1+ { White forfeits on time } 0-1

[Event "ICC tourney 2329 (3 2)"]
[Site "Internet Chess Club"]
[Date "2021.01.22"]
[Round "3"]
[White "kurumania"]
[Black "jefferyx"]
[Result "0-1"]
[ICCResult "White resigns"]
[WhiteElo "2514"]
[BlackElo "2825"]
[Opening "Alekhine's defense: modern, fianchetto variation"]
[ECO "B04"]
[NIC "AL.04"]
[Time "22:25:20"]
[PlyCount "84"]
[TimeControl "180+2"]

1. e4 Nf6 2. e5 Nd5 3. d4 d6 4. Nf3 g6 5. Be2 Bg7 6. O-O O-O 7. exd6 cxd6
8. c4 Nb6 9. h3 Nc6 10. d5 Nb4 11. Nc3 Bd7 12. Bg5 Rc8 13. Re1 h6 14. Bh4
g5 15. Bg3 Nxc4 16. Bxc4 Rxc4 17. Qe2 Rxc3 18. bxc3 Nxd5 19. Rac1 Re8 20.
c4 Nc3 21. Qd2 Na4 22. h4 g4 23. Nd4 Nc5 24. Nb3 Qc7 25. Bf4 Kh7 26. Nxc5
Qxc5 27. Be3 Qh5 28. c5 Bc6 29. cxd6 exd6 30. Qxd6 Be5 31. Qd3+ Kg8 32. Bd4
Rd8 33. Rc5 Bh2+ 34. Kxh2 Qxc5 35. Bxc5 Rxd3 36. Bxa7 g3+ 37. fxg3 Rd2 38.
a3 Rxg2+ 39. Kh3 h5 40. Bg1 Ra2 41. Rd1 Bg2+ 42. Kh2 Bf3+ { White resigns }
0-1

[Event "ICC tourney 2329 (3 2)"]
[Site "Internet Chess Club"]
[Date "2021.01.22"]
[Round "3"]
[White "DualMoneytime"]
[Black "anmolwarman"]
[Result "0-1"]
[ICCResult "White forfeits on time"]
[WhiteElo "1982"]
[BlackElo "1187"]
[Opening "Sicilian: closed"]
[ECO "B23"]
[NIC "SI.44"]
[Time "22:25:15"]
[PlyCount "90"]
[TimeControl "180+2"]

1. e4 c5 2. Nc3 g6 3. f4 Bg7 4. Nf3 Nc6 5. Bb5 a6 6. Bxc6 bxc6 7. d3 Nh6 8.
O-O e6 9. e5 Nf5 10. Ne4 O-O 11. g4 Nh4 12. Nxc5 d6 13. exd6 Nxf3+ 14. Qxf3
Qxd6 15. Ne4 Qd4+ 16. Kg2 Bb7 17. c3 Qd7 18. Nc5 Qc7 19. d4 a5 20. Nxb7
Qxb7 21. f5 exf5 22. gxf5 Qd7 23. f6 Bh8 24. Bg5 Rfe8 25. Rfe1 Qd6 26. Qg3
Qd5+ 27. Kg1 Rab8 28. Re7 h5 29. Rae1 Red8 30. b3 Qf5 31. Qf4 Qc2 32. Qe3
Qxa2 33. Bf4 Rbc8 34. Bc7 Rf8 35. Be5 Qxb3 36. Rd7 a4 37. Bd6 Rfe8 38. Be7
Rb8 39. Qf2 a3 40. Ra1 Qb2 41. Qxb2 axb2 42. Rb1 Kh7 43. Rc7 Kh6 44. Rxc6
Kg5 45. Rc4 Rb3 { White forfeits on time } 0-1